SNL (28 & UNDER)
MEMPHIS BLUES @ WEST PALM REDS
05/30/2023
 
TOP OF THE 1ST
Memphis Blues batting - Pitching for West Palm Reds : LHP Pat Candelária
Pitching: LHP Pat Candelária
Batting: RHB Jorge Fuentes 0-0: Swinging Strike
0-1: Called Strike
0-2: Ground out 4-3 (Groundball, 4)
Batting: RHB Sadao Kato 0-0: Ball
1-0: Called Strike
1-1: Ball
2-1: Foul Ball, location: 2F
2-2: Strikes out looking
Batting: RHB Peyton Pennington 0-0: Swinging Strike
0-1: Ball
1-1: Swinging Strike
1-2: Ball
2-2: DOUBLE (Line Drive, 89M)
Batting: RHB Dave O'Neill 0-0: Ball
1-0: Called Strike
1-1: Ball
2-1: Ball
3-1: Ground out 5-3 (Groundball, 5L)
Top of the 1st over - 0 run(s), 1 hit(s), 0 error(s), 1 left on base; Memphis 0 - West Palm 0
BOTTOM OF THE 1ST
West Palm Reds batting - Pitching for Memphis Blues : RHP Mario Torres
Pitching: RHP Mario Torres
Batting: RHB Lorenzo Guzmán 0-0: Called Strike
0-1: Ball
1-1: Ball
2-1: Foul Ball, location: 2F
2-2: Foul Ball, location: 2F
2-2: Ball
3-2: Ground out U3 (Groundball, 3L)
Batting: RHB Juan Vareas 0-0: Ground out 5-3 (Groundball, 56S)
Batting: LHB Enrique Cortéz 0-0: Foul Ball, location: 2F
0-1: Ball
1-1: Ball
2-1: Ground out 6-3 (Groundball, 6M)
Bottom of the 1st over - 0 run(s), 0 hit(s), 0 error(s), 0 left on base; Memphis 0 - West Palm 0
TOP OF THE 2ND
Memphis Blues batting - Pitching for West Palm Reds : LHP Pat Candelária
Batting: RHB John Phillips 0-0: Called Strike
0-1: Fly out, F9 (Flyball, 9S)
Batting: LHB Félix García 0-0: Called Strike
0-1: Called Strike
0-2: Foul Ball, location: 2F
0-2: Strikes out swinging
Batting: RHB Dave Wookey 0-0: Ball
1-0: SINGLE (Line Drive, 8LS)
Batting: RHB Glenn Johnson 0-0: Called Strike
0-1: Called Strike
0-2: SINGLE (Groundball, 56D)
Dave Wookey to second
Runner from 2nd tries for 3rd, SAFE, no throw or cutoff
Batting: RHB Dale O'Feennaghty 0-0: Called Strike
0-1: Ball
1-1: Called Strike
1-2: Strikes out swinging
Top of the 2nd over - 0 run(s), 2 hit(s), 0 error(s), 2 left on base; Memphis 0 - West Palm 0
BOTTOM OF THE 2ND
West Palm Reds batting - Pitching for Memphis Blues : RHP Mario Torres
Batting: SHB Todd Smith 0-0: Ball
1-0: Ball
2-0: Ball
3-0: Called Strike
3-1: Base on Balls
Batting: RHB Jack Ray 0-0: Ball
1-0: Ball
2-0: Ball
3-0: Base on Balls
Todd Smith to second
Batting: LHB Jeff Doss 0-0: Ball
1-0: Grounds into double play, 1-6-3 (Groundball, 13)
Todd Smith to third
Batting: LHB Bill Smith 0-0: Swinging Strike
0-1: Ball
1-1: Foul Ball, location: 2F
1-2: Foul Ball, location: 2F
1-2: DOUBLE (Groundball, 3D)
Todd Smith scores
Batting: LHB Bob Martin 0-0: Ball
1-0: Foul Ball, location: 2F
1-1: Ball
2-1: Fly out, F5 (Popup, 56)
Bottom of the 2nd over - 1 run(s), 1 hit(s), 0 error(s), 1 left on base; Memphis 0 - West Palm 1
TOP OF THE 3RD
Memphis Blues batting - Pitching for West Palm Reds : LHP Pat Candelária
Batting: RHB Jorge Fuentes 0-0: Ball
1-0: Called Strike
1-1: SINGLE (Line Drive, 8LS)
Batting: RHB Sadao Kato 0-0: Called Strike
0-1: Ball
1-1: Ball
2-1: Ball
3-1: Called Strike
Balk!
Jorge Fuentes to second
3-2: Foul Ball, location: 2F
3-2: Base on Balls
Batting: RHB Peyton Pennington 0-0: Ball
1-0: Called Strike
1-1: Ball
2-1: Called Strike
2-2: Strikes out looking
Batting: RHB Dave O'Neill 0-0: Called Strike
0-1: Ball
1-1: Swinging Strike
1-2: Ball
2-2: Ball
3-2: Foul Ball, location: 2F
3-2: Strikes out swinging
Batting: RHB John Phillips 0-0: Foul Ball, location: 2F
0-1: Ball
1-1: Swinging Strike
1-2: Fielders Choice at 2nd, U6 (Groundball, 6M)
Top of the 3rd over - 0 run(s), 1 hit(s), 0 error(s), 2 left on base; Memphis 0 - West Palm 1
BOTTOM OF THE 3RD
West Palm Reds batting - Pitching for Memphis Blues : RHP Mario Torres
Batting: RHB Alejandro Martínez 0-0: Called Strike
0-1: Called Strike
0-2: Foul Ball, location: 2F
0-2: Ball
1-2: Ball
2-2: Strikes out swinging
Batting: RHB Lorenzo Guzmán 0-0: Ground out 6-3 (Groundball, 6)
Batting: RHB Juan Vareas 0-0: Ball
1-0: Foul Ball, location: 2F
1-1: Ball
2-1: Ball
3-1: Base on Balls
Batting: LHB Enrique Cortéz 0-0: Called Strike
0-1: Foul Ball, location: 2F
0-2: Foul Ball, location: 2F
0-2: Ball
1-2: Ball
2-2: Foul Ball, location: 2F
2-2: Ball
Balk!
Juan Vareas to second
3-2: SINGLE (Line Drive, 8LS)
Juan Vareas to third
Juan Vareas scores
Batting: SHB Todd Smith 0-0: Swinging Strike
Enrique Cortéz steals 2nd base
0-1: Foul Ball, location: 2F
0-2: Ball
1-2: Ball
2-2: Strikes out swinging
Bottom of the 3rd over - 1 run(s), 1 hit(s), 0 error(s), 1 left on base; Memphis 0 - West Palm 2
TOP OF THE 4TH
Memphis Blues batting - Pitching for West Palm Reds : LHP Pat Candelária
Batting: LHB Félix García 0-0: Called Strike
0-1: Foul Ball, location: 2F
0-2: Ball
1-2: Ball
2-2: Strikes out swinging
Batting: RHB Dave Wookey 0-0: Called Strike
0-1: Ball
1-1: Ball
2-1: Ball
3-1: Base on Balls
Batting: RHB Glenn Johnson 0-0: Ball
1-0: Ball
Dave Wookey steals 2nd base
2-0: Ground out 1-3 (Groundball, 13)
Dave Wookey to third
Batting: RHB Dale O'Feennaghty 0-0: Called Strike
0-1: DOUBLE (Flyball, 89D)
Dave Wookey scores
Batting: RHB Jorge Fuentes 0-0: Called Strike
0-1: Ball
1-1: Foul Ball, location: 2F
1-2: Strikes out looking
Top of the 4th over - 1 run(s), 1 hit(s), 0 error(s), 1 left on base; Memphis 1 - West Palm 2
BOTTOM OF THE 4TH
West Palm Reds batting - Pitching for Memphis Blues : RHP Mario Torres
Batting: RHB Jack Ray 0-0: Called Strike
0-1: Ground out 5-3 (Groundball, 5S)
Batting: LHB Jeff Doss 0-0: Foul Ball, location: 2F
0-1: Ball
1-1: Swinging Strike
1-2: Ball
2-2: Strikes out swinging
Batting: LHB Bill Smith 0-0: Ball
1-0: Called Strike
1-1: Called Strike
1-2: Foul Ball, location: 2F
1-2: Ball
2-2: Foul Ball, location: 2F
2-2: Ground out 1-3 (Groundball, 15)
Bottom of the 4th over - 0 run(s), 0 hit(s), 0 error(s), 0 left on base; Memphis 1 - West Palm 2
TOP OF THE 5TH
Memphis Blues batting - Pitching for West Palm Reds : LHP Pat Candelária
Batting: RHB Sadao Kato 0-0: Called Strike
0-1: Ball
1-1: SINGLE (Line Drive, 56)
Batting: RHB Peyton Pennington 0-0: Called Strike
0-1: Ball
1-1: Ground out 3-1 (Groundball, 34)
Sadao Kato to second
Batting: RHB Dave O'Neill 0-0: 2-RUN HOME RUN (Flyball, 7LD), Distance : 350 ft
Batting: RHB John Phillips 0-0: Ball
1-0: Ball
2-0: Called Strike
2-1: Ball
3-1: Foul Ball, location: 2F
3-2: Ground out 2-3 (Groundball, 2L)
Batting: LHB Félix García 0-0: Ball
1-0: Foul Ball, location: 2F
1-1: Foul Ball, location: 2F
1-2: Strikes out swinging
Top of the 5th over - 2 run(s), 2 hit(s), 0 error(s), 0 left on base; Memphis 3 - West Palm 2
BOTTOM OF THE 5TH
West Palm Reds batting - Pitching for Memphis Blues : RHP Mario Torres
Batting: LHB Bob Martin 0-0: Ground out U3 (Groundball, 3)
Batting: RHB Alejandro Martínez 0-0: Called Strike
0-1: Ball
1-1: Ball
2-1: Ball
3-1: Base on Balls
Batting: RHB Lorenzo Guzmán 0-0: Foul Ball, location: 2F
0-1: Fly out, F4 (Popup, 34)
Batting: RHB Juan Vareas 0-0: Ball
1-0: Ball
2-0: Ball
3-0: Called Strike
3-1: Base on Balls
Alejandro Martínez to second
Batting: LHB Enrique Cortéz 0-0: Foul Ball, location: 2F
0-1: Ground out 1-3 (Groundball, 13)
Bottom of the 5th over - 0 run(s), 0 hit(s), 0 error(s), 2 left on base; Memphis 3 - West Palm 2
TOP OF THE 6TH
Memphis Blues batting - Pitching for West Palm Reds : LHP Pat Candelária
Pitching: LHP Francisco Nieto
Batting: RHB Dave Wookey 0-0: Called Strike
0-1: Foul Ball, location: 2F
0-2: Ball
1-2: Ball
2-2: Ball
3-2: SINGLE (Groundball, 6)
Batting: RHB Glenn Johnson 0-0: Ball
1-0: Ball
2-0: Called Strike
2-1: Foul Ball, location: 2F
2-2: Strikes out swinging
Batting: RHB Dale O'Feennaghty 0-0: Ball
1-0: Swinging Strike
1-1: Ground out 5-3 (Groundball, 56S)
Dave Wookey to second
Batting: RHB Jorge Fuentes 0-0: Called Strike
0-1: Fly out, F9 (Flyball, 89S)
Top of the 6th over - 0 run(s), 1 hit(s), 0 error(s), 1 left on base; Memphis 3 - West Palm 2
BOTTOM OF THE 6TH
West Palm Reds batting - Pitching for Memphis Blues : RHP Mario Torres
Batting: SHB Todd Smith 0-0: Called Strike
0-1: Ball
1-1: Foul Ball, location: 2F
1-2: Ground out 4-3 (Groundball, 4)
Batting: RHB Jack Ray 0-0: Called Strike
0-1: Foul Ball, location: 2F
0-2: Ball
1-2: Ball
2-2: Ball
3-2: Foul Ball, location: 2F
3-2: Strikes out looking
Batting: LHB Jeff Doss 0-0: Swinging Strike
0-1: Ball
1-1: Foul Ball, location: 2F
1-2: Ground out 1-3 (Groundball, 15)
Bottom of the 6th over - 0 run(s), 0 hit(s), 0 error(s), 0 left on base; Memphis 3 - West Palm 2
TOP OF THE 7TH
Memphis Blues batting - Pitching for West Palm Reds : LHP Francisco Nieto
Batting: RHB Sadao Kato 0-0: Ball
1-0: Swinging Strike
1-1: Foul Ball, location: 2F
1-2: Foul Ball, location: 2F
1-2: Strikes out swinging
Batting: RHB Peyton Pennington 0-0: Called Strike
0-1: Ball
1-1: Ball
2-1: Foul Ball, location: 2F
2-2: Foul Ball, location: 2F
2-2: Ball
3-2: Strikes out swinging, 2-3 out at first.
Batting: RHB Dave O'Neill 0-0: Ball
1-0: Ball
2-0: Called Strike
2-1: Foul Ball, location: 2F
2-2: Fly out, F8 (Flyball, 89D)
Top of the 7th over - 0 run(s), 0 hit(s), 0 error(s), 0 left on base; Memphis 3 - West Palm 2
BOTTOM OF THE 7TH
West Palm Reds batting - Pitching for Memphis Blues : RHP Mario Torres
Pitching: LHP Robert Flannery
Batting: LHB Bill Smith 0-0: Called Strike
0-1: Ball
1-1: Called Strike
1-2: Ball
2-2: Foul Ball, location: 2F
2-2: Ground out 4-3 (Groundball, 4)
Batting: LHB Bob Martin 0-0: Ball
1-0: Ground out 1-3 (Groundball, 13S)
Batting: RHB Alejandro Martínez 0-0: Ball
1-0: Called Strike
1-1: Foul Ball, location: 2F
1-2: Ball
2-2: Ball
3-2: Fly out, F3 (Popup, 3D)
Bottom of the 7th over - 0 run(s), 0 hit(s), 0 error(s), 0 left on base; Memphis 3 - West Palm 2
TOP OF THE 8TH
Memphis Blues batting - Pitching for West Palm Reds : LHP Francisco Nieto
Pitching: RHP Dave Woods
Batting: RHB John Phillips 0-0: Ball
1-0: Called Strike
1-1: Fly out, F8 (Flyball, 89M)
Batting: LHB Félix García 0-0: Ball
1-0: Ball
2-0: Called Strike
2-1: Foul Ball, location: 2F
2-2: Foul Ball, location: 2F
2-2: Ball
3-2: DOUBLE (Flyball, 7LD)
Batting: RHB Dave Wookey 0-0: Intentional Walk
Pinch Hitting: RHB Bob Orr 0-0: Called Strike
0-1: Called Strike
0-2: Foul Ball, location: 2F
0-2: SINGLE (Groundball, 56D)
Félix García to third
Dave Wookey to second
Runner from 3rd tries for Home, SAFE, no throw or cutoff
Batting: RHB Dale O'Feennaghty 0-0: Ground out 6-3 (Groundball, 6S)
Dave Wookey to third
Bob Orr to second
Batting: RHB Jorge Fuentes 0-0: Ground out 1-3 (Groundball, 13)
Top of the 8th over - 1 run(s), 2 hit(s), 0 error(s), 2 left on base; Memphis 4 - West Palm 2
BOTTOM OF THE 8TH
West Palm Reds batting - Pitching for Memphis Blues : LHP Robert Flannery
Now at C: Elliott Rucker
Now at 3B: Iván García
Batting: RHB Lorenzo Guzmán 0-0: Called Strike
0-1: Foul Ball, location: 2F
0-2: Ball
1-2: Ball
2-2: Foul Ball, location: 2F
2-2: Ball
3-2: Ground out 4-3 (Groundball, 4)
Batting: RHB Juan Vareas 0-0: Ball
1-0: Called Strike
1-1: SINGLE (Groundball, 34D)
Pinch Runner at 1st Jermaine Carter:
Batting: LHB Enrique Cortéz 0-0: Ball
1-0: Ball
2-0: Foul Ball, location: 2F
2-1: Ball
3-1: Base on Balls
Jermaine Carter to second
Batting: SHB Todd Smith 0-0: Ball
1-0: Ball
2-0: Ground out 5-3 (Groundball, 56S)
Jermaine Carter to third
Enrique Cortéz to second
Batting: RHB Jack Ray 0-0: Called Strike
0-1: Ball
1-1: Ball
2-1: Ball
3-1: Foul Ball, location: 2F
3-2: Base on Balls
Pitching: RHP Jack Taylor
Batting: LHB Jeff Doss 0-0: Fly out, F7 (Line Drive, 78M)
Bottom of the 8th over - 0 run(s), 1 hit(s), 0 error(s), 3 left on base; Memphis 4 - West Palm 2
TOP OF THE 9TH
Memphis Blues batting - Pitching for West Palm Reds : RHP Dave Woods
Now in CF: Jermaine Carter
Batting: RHB Sadao Kato 0-0: Called Strike
0-1: SINGLE (Line Drive, 8RS)
Batting: RHB Peyton Pennington 0-0: Ball
1-0: Ball
2-0: Foul Ball, location: 2F
2-1: SINGLE (Line Drive, 89S)
Sadao Kato to second
Pitching: RHP Kei Hashimoto
Pinch Hitting: LHB Arturo Rivera 0-0: Ball
1-0: Called Strike
1-1: Ball
2-1: Ball
3-1: Foul Ball, location: 2F
3-2: Base on Balls
Sadao Kato to third
Peyton Pennington to second
Pinch Hitting: RHB Dale Taylor 0-0: Fly out, F7 (Flyball, 7D)
Runner from 3rd tags up, SCORES, throw made
Batting: LHB Félix García 0-0: Foul Ball, location: 2F
0-1: Swinging Strike
0-2: SINGLE (Groundball, 34D)
Peyton Pennington to third
Arturo Rivera to second
Runner from 3rd tries for Home, throw and OUT!
Arturo Rivera to third
Félix García to second
Batting: RHB Dave Wookey 0-0: Ball
1-0: Ball
2-0: Ball
3-0: Base on Balls
Pinch Hitting: LHB Kieran Farris 0-0: Swinging Strike
0-1: Ball
1-1: Called Strike
1-2: Ball
2-2: Strikes out looking
Top of the 9th over - 1 run(s), 3 hit(s), 0 error(s), 3 left on base; Memphis 5 - West Palm 2
BOTTOM OF THE 9TH
West Palm Reds batting - Pitching for Memphis Blues : RHP Jack Taylor
Pitching: RHP Lorenzo Diéguez
Now at 3B: Pedro Martínez
Now at SS: Brent Crawford
Now in CF: Arturo Rivera
Batting: LHB Bill Smith 0-0: Called Strike
0-1: Swinging Strike
0-2: Strikes out looking
Batting: LHB Bob Martin 0-0: Called Strike
0-1: Fly out, F9 (Flyball, 9M)
Batting: RHB Alejandro Martínez 0-0: Foul Ball, location: 2F
0-1: SOLO HOME RUN (Line Drive, 9D), Distance : 380 ft
Batting: RHB Lorenzo Guzmán 0-0: Foul Ball, location: 2F
0-1: Called Strike
0-2: Ball
1-2: Fly out, F3 (Popup, 3F)
Bottom of the 9th over - 1 run(s), 1 hit(s), 0 error(s), 0 left on base; Memphis 5 - West Palm 3
This league is powered by Out of the Park Baseball, the baseball management simulation game for PC, Mac and Linux
Wednesday, December 2nd, 2015 - OOTP Baseball 16.8 Build 38